 Dungeon Crawl Stone Soup version 0.18.1-48-g4cf74bf (webtiles) character file.

314 Gargoyl the Covered (level 6, 48/48 HPs)
             Began as a Demonspawn Abyssal Knight on Sept 1, 2016.
             Was a Believer of Lugonu.
             Quit the game on level 3 of the Dungeon.
             The game lasted 00:03:52 (2041 turns).

Gargoyl the Covered (Demonspawn Abyssal Knight)     Turns: 2041, Time: 00:03:53

Health: 48/48      AC:  7    Str: 14    XL:     6   Next: 19%
Magic:  7/7        EV: 11    Int: 13    God:    Lugonu [**....]
Gold:   223        SH:  0    Dex: 13    Spells: 0 memorised, 5 levels left

rFire  . . .     SeeInvis .     a - +1 hand axe
rCold  . . .     Gourm    .     e - +0 ring mail
rNeg   + . .     Faith    .     (no shield)
rPois  .         Spirit   +     (helmet restricted)
rElec  .         Dismiss  .     r - +0 cloak
rCorr  .         Reflect  .     (no gloves)
SustAt .         Harm     .     (no boots)
MR     +....                    (no amulet)
Stlth  +.........               v - ring of protection from magic
                                j - ring of positive energy

@: somewhat resistant to hostile enchantments, very unstealthy
A: horns 1, spiny 1, magic shield
a: Depart the Abyss, Bend Space, Renounce Religion


You were on level 3 of the Dungeon.
You worshipped Lugonu.
Lugonu was pleased with you.
You were not hungry.

You visited 1 branch of the dungeon, and saw 3 of its levels.
You visited the Abyss 1 time.

You collected 223 gold pieces.

Inventory:

Hand Weapons
 a - a +1 hand axe (weapon)
Armour
 e - a +0 ring mail (worn)
 r - a +0 cloak (worn)
Jewellery
 j - a ring of positive energy (left hand)
 v - a ring of protection from magic (right hand)
Wands
 w - a wand of confusion (13/48)
Scrolls
 f - a scroll of remove curse {unknown}
 g - 2 scrolls of amnesia {unknown}
 i - a scroll of magic mapping {unknown}
 l - 2 scrolls of identify {unknown}
 m - a scroll of immolation {unknown}
 x - a scroll of recharging {unknown}
Potions
 b - a potion of heal wounds {unknown}
 d - a potion of ambrosia {unknown}
 h - a potion of resistance {unknown}
 n - 4 potions of curing {unknown}
 o - a potion of brilliance {unknown}
 q - a potion of cure mutation {unknown}
 s - a potion of agility {unknown}
 t - a potion of experience {unknown}
 z - a potion of degeneration {unknown}
Books
 u - a book of Geomancy

   Spells                             Type                      Level
   a - Sandblast                      Earth                        1
   b - Passwall                       Transmutation/Earth          2
   c - Stone Arrow                    Conjuration/Earth            3
   d - Petrify                        Transmutation/Earth          4
   e - Lee's Rapid Deconstruction     Earth                        5
Comestibles
 c - 2 bread rations
 k - a beef jerky
 p - a meat ration
 A - 2 chunks of flesh


   Skills:
 + Level 3.8 Fighting
 + Level 2.5 Axes
 * Level 4.3 Armour
 + Level 2.6 Dodging
 + Level 0.4 Stealth
 + Level 2.6 Invocations


You had 5 spell levels left.
You didn't know any spells.

Dungeon Overview and Level Annotations

Branches:
Dungeon (3/15)

Altars:


Innate Abilities, Weirdness & Mutations

You have a pair of small horns on your head.
You are partially covered in sharp spines.
When hurt, damage is shared between your health and your magic reserves.


Message History

z - a fizzy pink potion You see here an orc corpse.
You see here an orc corpse.
You butcher the orc corpse.
A - 3 chunks of flesh You start resting.
Magic restored.
You start resting.
Eating one of 3 chunks of flesh.
This raw flesh tastes terrible.
You continue eating. x2
HP restored.
You now have 209 gold pieces (gained 17).
You now have 223 gold pieces (gained 14).
You enter a teleport trap!
The teleport trap disappears.
Your surroundings suddenly seem different.
A ball python, a giant cockroach and an orc come into view.
The orc shouts!
You hear a shout! x2
The ball python moves out of view.
You hear a shout!
Are you sure you want to abandon this character and quit the game? (Confirm with "yes".)

#### #..
#.# #@#
#s.o.....
##
.........
..
.###..#...
## S. ..#
## .. ..#
# ... .# .
### .# .


You could see an orc, a giant cockroach and a ball python.

Vanquished Creatures
  Grinder (D:3)
  A giant frog zombie (D:3)
  Jessica (D:2)
  A worm (D:2)
  2 dart slugs
  2 giant geckos
  An orc (D:3)
  2 giant cockroaches (D:1)
  6 goblins (D:1)
  7 hobgoblins
  A ball python (D:2)
  5 bats
  A giant newt (D:2)
  8 kobolds
  9 rats
48 creatures vanquished.

Notes
Turn   | Place    | Note
--------------------------------------------------------------
     0 | Abyss:1  | Gargoyl the Demonspawn Abyssal Knight began the quest for the Orb.
     0 | Abyss:1  | Reached XP level 1. HP: 18/18 MP: 2/2
    60 | Abyss:2  | Noticed an iron imp
    78 | Abyss:2  | Noticed a sea snake
    78 | Abyss:2  | Noticed a starcursed mass
    79 | D:1      | Escaped the Abyss
   234 | D:1      | Reached skill level 1 in Dodging
   344 | D:1      | Reached skill level 2 in Armour
   346 | D:1      | Reached * piety under Lugonu
   377 | D:1      | Gained mutation: You have a pair of small horns on your head. [demonic ancestry]
   377 | D:1      | Reached XP level 2. HP: 19/24 MP: 3/3
   967 | D:1      | Gained mutation: You are partially covered in sharp spines. [demonic ancestry]
   967 | D:1      | Reached XP level 3. HP: 23/29 MP: 4/4
  1126 | D:2      | Noticed Jessica
  1131 | D:2      | Killed Jessica
  1181 | D:2      | Reached ** piety under Lugonu
  1324 | D:2      | Gained mutation: When hurt, damage is shared between your health and your magic reserves. [demonic ancestry]
  1324 | D:2      | Reached XP level 4. HP: 21/36 MP: 5/5
  1687 | D:3      | Reached skill level 3 in Armour
  1809 | D:3      | Noticed Grinder
  1832 | D:3      | Killed Grinder
  1832 | D:3      | Reached skill level 4 in Armour
  1832 | D:3      | Reached XP level 5. HP: 14/42 MP: 3/6
  1832 | D:3      | Reached XP level 6. HP: 16/48 MP: 3/7
  2041 | D:3      | Quit the game

Skill      XL: |  1  2  3  4 |
---------------+-------------+-----
Dodging        | 1 2 |  2.6
Armour         | 2 4 |  4.3
Axes           | 2 |  2.5
Fighting       | |  3.8
Stealth        | |  0.4
Invocations    | |  2.6

Action                   |  1- 3 |  4- 6 || total
-------------------------+-------+-------++-------
Melee: Hand axe          |    87 |    31 ||   118
       Headbutt          |    11 |     3 ||    14
Invok: Depart the Abyss  |     1 |       ||     1
  Eat: Chunk             |     2 |     2 ||     4
Armor: Ring mail         |    27 |     4 ||    31
Dodge: Dodged            |    40 |    15 ||    55
